 Dungeon Crawl Stone Soup version 0.30-a0-1074-g5db6f66fbb (webtiles) character file.

Game seed: 10176863146214397853

3885766 jasper the Archmage (level 27, 228/228 HPs)
             Began as a Djinni Venom Mage on Apr 13, 2023.
             Was the Champion of Cheibriados.
             Escaped with the Orb
             ... and 5 runes!
             The game lasted 02:08:53 (53697 turns).

jasper the Archmage (Djinni Venom Mage)            Turns: 53697, Time: 02:08:54

Health: 228/228    AC: 14    Str: 25    XL:     27
Gold:   3503       EV: 37    Int: 59    God:    Cheibriados [******] SH: 16 Dex: 29

rFire   + + +      SeeInvis +    G - staff of conjuration "Voitz" {rN+ Str+3}
rCold   + . .      Faith    .    g - +0 kite shield "Behukog" {Regen+}
rNeg    + . .      Spirit   +    z - +4 moon troll leather armour {Spirit, Regen++ MP+5}
rPois   ∞          Reflect  .    p - +2 helmet {SInv}
rElec   .          Rampage  .    N - scarf {rC+ rF+}
rCorr   .                        k - +1 pair of gloves "Umiusom" {rC+}
Will    ++...                    (boots unavailable)
Stlth   +                        h - amulet of Vitality {RegenMP++ Regen++}
HPRegen 4.58/turn                e - +6 ring of intelligence
MPRegen 0.00/turn                b - +9 ring of intelligence

@: flying, studying 3 skills, very slow
A: sickness immunity, fire resistance 2, cold vulnerability 1, float, innate
caster, HP casting, extra vitality 1, iridescent scales 1, clumsy 1, deformed
body
0: Orb of Zot
}: 5/15 runes: decaying, slimy, silver, abyssal, gossamer
a: Renounce Religion, Bend Time, Temporal Distortion, Slouch, Step From Time


You escaped.
You worshipped Cheibriados.
Cheibriados was exalted by your worship.
You visited 11 branches of the dungeon, and saw 55 of its levels.
You visited the Abyss 2 times.
You visited 1 bazaar.
You also visited: Sewer, Bailey, Gauntlet and Wizlab.

You collected 12336 gold pieces.
You spent 8833 gold pieces at shops.

Inventory:

Hand Weapons
 q - the +8 arc blade {discharge, rElec}
   (You took it off a vampire mage on level 3 of the Crypt)

   rElec:     It insulates you from electricity.
Missiles
 n - 47 boomerangs
 Q - 4 throwing nets
Armour
 g - the +0 kite shield "Behukog" (worn) {Regen+}
   (You acquired it on level 2 of the Realm of Zot)

   Regen:     It increases your rate of health regeneration.
 k - the +1 pair of gloves "Umiusom" (worn) {rC+}
   (You found it on level 5 of the Vaults)

   rC:        It protects you from cold.
 p - a +2 helmet of see invisible (worn)
 z - the +4 moon troll leather armour (worn) {Spirit, Regen++ MP+5}
   (You bought it in a shop on level 3 of the Vaults)

   MP:        It affects your magic capacity (+5).
   Regen:     It increases your rate of health regeneration.
 N - a scarf of resistance (worn)
Magical Staves
 G - the staff of conjuration "Voitz" (weapon) {rN+ Str+3}
   (You found it on level 3 of the Elven Halls)

   [staff of conjuration]

   Your inability to study Conjurations prevents you from drawing on the full
   power of this staff in melee.
   Base accuracy: +5 Base damage: 5 Base attack delay: 1.2 This weapon's minimum
   attack delay (0.6) is reached at skill level 12.
   Str:       It affects your strength (+3).
   rN:        It protects you from negative energy.
   It falls into the 'Staves' category.
   It is a one-handed weapon.
 T - the staff of fire "Tuopp" {rF+ Will+ Dex+3}
   (You found it in a Gauntlet)

   [staff of fire]

   Your inability to study Fire Magic prevents you from drawing on the full
   power of this staff in melee.
   Base accuracy: +5 Base damage: 5 Base attack delay: 1.2 This weapon's minimum
   attack delay (0.6) is reached at skill level 12.
   Dex:       It affects your dexterity (+3).
   rF:        It protects you from fire.
   Will:      It increases your willpower.
   It falls into the 'Staves' category.
   It is a one-handed weapon.
Jewellery
 b - a +9 ring of intelligence (right hand)
 c - the ring "Razer" {*Slow +Blink rPois rC++ SInv}
   (You took it off a deep elf annihilator on level 3 of the Elven Halls)

   [ring of see invisible]

   rC:        It greatly protects you from cold.
   rPois:     It protects you from poison.
   SInv:      It lets you see invisible.
   +Blink:    It lets you blink.
   *Slow:     It may slow you when you take damage.
 e - a +6 ring of intelligence (left hand)
 h - the amulet of Vitality (around neck) {RegenMP++ Regen++}
   (You found it on level 1 of the Crypt)

   [amulet of magic regeneration]

   It increases your rate of magic regeneration.
   Regen:     It increases your rate of health regeneration.
 D - the ring of Ziemamy {rF+ rN+ Will+ Stlth+}
   (You found it on level 3 of the Crypt)

   [ring of positive energy]

   rF:        It protects you from fire.
   rN:        It protects you from negative energy.
   Will:      It increases your willpower.
   Stlth:     It makes you more stealthy.
 K - the ring "Vuykar" {Fire rN++}
   (You took it off a deep elf demonologist on level 3 of the Elven Halls)

   [ring of fire]

   It enhances your fire magic.
   rF:        It protects you from fire.
   rC:        It makes you vulnerable to cold.
   rN:        It greatly protects you from negative energy.
Wands
 t - a wand of charming (26)
 H - a wand of iceblast (21)
 L - a wand of digging (45)
 M - a wand of acid (31)
 P - a wand of polymorph (19)
 X - a wand of flame (90)
Scrolls
 a - 7 scrolls of enchant weapon
 o - 16 scrolls of poison
 s - a scroll of immolation
 w - 9 scrolls of fog
 x - 6 scrolls of blinking
 y - 15 scrolls of teleportation
 B - 6 scrolls of enchant armour
 E - a scroll of silence
 O - 8 scrolls of magic mapping
 S - 10 scrolls of vulnerability
 V - 4 scrolls of torment
 W - 14 scrolls of fear
 Y - 4 scrolls of butterflies
Potions
 d - 6 potions of invisibility
 f - 8 potions of berserk rage
 j - 9 potions of lignification
 l - 13 potions of ambrosia
 m - 26 potions of curing
 r - 8 potions of attraction
 u - 5 potions of resistance
 v - 18 potions of might
 A - 13 potions of haste
 C - 5 potions of magic
 I - 13 potions of brilliance
 J - 11 potions of mutation
 Z - 6 potions of cancellation
Miscellaneous
 F - a phial of floods
 R - a condenser vane


   Skills:
 O Level 27 Fighting
 - Level 4.0 Armour
 + Level 24.3 Dodging
 - Level 1.5 Stealth
 - Level 15.0 Shields
 O Level 27 Spellcasting
 - Level 12.0 Invocations


You knew the following spells:

 Your Spells              Type           Power      Damage    Failure   Level
a - Sting                 Tmut/Pois      100%       1d8       0%          1
b - Poisonous Vapours     Pois/Air       100%       N/A       0%          2
c - Mephitic Cloud        Conj/Pois/Air  100%       N/A       0%          3
d - Olgreb's Toxic Radia  Pois           100%       N/A       0%          4
e - Sandblast             Erth           100%       2d20      0%          1
f - Wereblood             Tmut           100%       N/A       0%          2
g - Dazzling Flash        Conj/Hex       100%       N/A       0%          3
h - Vampiric Draining     Necr           100%       2d13      0%          3
i - Summon Mana Viper     Hex/Summ       100%       N/A       0%          5
j - Summon Forest         Summ/Tloc      79%        N/A       0%          5
k - Iron Shot             Conj/Erth      92%        9d17      0%          6
l - Summon Cactus Giant   Summ           79%        N/A       0%          6
m - Ozocubu's Refrigerat  Ice            79%        4d25      0%          7
n - Disjunction           Tloc           79%        N/A       0%          8
o - Summon Horrible Thin  Summ           79%        N/A       0%          8
p - Shatter               Erth           79%        3d57*     1%          9
q - Fire Storm            Conj/Fire      92%        8d23      1%          9
Your spell library was empty.

Dungeon Overview and Level Annotations

Branches:
Dungeon (15/15)            Temple (0/1) D:4            Lair (5/5) D:10
  Swamp (4/4) Lair:3       Spider (4/4) Lair:2        Slime (5/5) Lair:5
    Orc (2/2) D:12            Elf (3/3) Orc:2        Vaults (5/5) D:14
  Crypt (3/3) Vaults:2       Tomb (0/3) Crypt:3      Depths (4/4) D:15
    Zot (5/5) Depths:4      Sewer (visited)          Bailey (visited)
 WizLab (visited)         Gauntlet (visited)

Altars:
Ashenzari
Cheibriados
Elyvilon
Gozag
Hepliaklqana
Qazlal
Uskayaw
Wu Jian
Yredelemnul
Zin
Jiyva

Shops:
D:2 (   D:3 =   D:4 *   D:5 *   D:8 !   Orc:1 ?   Orc:2 ([=*   Elf:1 [
Elf:2 !   Elf:3 :   Vaults:1 *   Vaults:3 [[[   Depths:1 ((?=(

Portals:
Hell: Depths:1 Depths:2 Depths:3 Depths:4
Abyss: Depths:3
Pandemonium: Depths:2
Ziggurat: Depths:3

Annotations:
D:3 3 runed translucent doors, bearlyready's ghost, amateur AtBe
D:14 2 transporters, Plog's ghost, journeyman DECj
Lair:1 1 runed translucent door, Vohupaw's ghost, journeyman DrAE
Lair:4 exclusion: oklob plant
Swamp:2 Roxanne
Elf:2 5 runed translucent doors
Elf:3 1 exclusion
Crypt:2 1 runed translucent door, Omiorith's ghost, adept GrFi
Depths:2 1 runed translucent door, Osilorir's ghost, veteran MfMo


Innate Abilities, Weirdness & Mutations

You are immune to sickness and miasma.
You are immune to poison.
Your flesh is very heat resistant. (rF++)
You are vulnerable to cold. (rC-)
You float through the air rather than walking.
You learn spells naturally, not from books.
Your magical power is your life essence.
You have superior vitality. (+4 MHP)
You are partially covered in iridescent scales. (AC +2)
You are clumsy. (Dex -2)
Armour fits poorly on your strangely shaped body.


Message History

Aiming: Fire Storm (mildly dangerous; 1% risk of failure)
Press: ? - help, Q - select action, (/) - cycle Dir - move target You feel a surge of power!
That beam is likely to hit you.
Continue anyway?
Okay, then.
You closely miss the ball python. The ball python completely misses you.
The ball python constricts you. The ball python completely misses you.
The ball python constricts you.
You take 1 damage, and have 227/228 hp.
You hit the ball python.
You kill the ball python!
Cheibriados thoroughly appreciates the change of pace.
Health restored: 228
(D) Dungeon (T) Temple (L) Lair (S) Swamp (N) Spider Nest (M) Slime Pits (O) Orcish Mines (E) Elven Halls (V) Vaults (C) Crypt (W) Tomb (U) Depths (H) Hell (Z) Zot
Where to? (Enter - D:1, ? - help)
An Orb Guardian comes into view.
Aiming: Fire Storm (mildly dangerous; 1% risk of failure)
Press: ? - help, Q - select action, (/) - cycle Dir - move target You feel a surge of power!
A raging storm of fire appears!
The great blast of fire engulfs the Orb Guardian!!!!
You kill the Orb Guardian!
Cheibriados thoroughly appreciates the change of pace.
You take 4 damage, and have 224/228 hp.
(D) Dungeon (T) Temple (L) Lair (S) Swamp (N) Spider Nest (M) Slime Pits (O) Orcish Mines (E) Elven Halls (V) Vaults (C) Crypt (W) Tomb (U) Depths (H) Hell (Z) Zot
Where to? (Enter - D:1, ? - help) HP restored.
There is a stone staircase leading up here.
You fly upwards.
Your summoned ally is left behind.
There is a stone staircase leading down here.
Health restored: 228 You reach down and open the door.
There is an open door here.
There is a staircase leading out of the dungeon here.
You have escaped!

.###.# ###### ####...........
..##.# ##....#####......†...####
#.##.####....##~≈~##.(.......~~≈~
#.##.##...#.##≈≈P~≈##..####≈~≈~..
#....#..#####≈~~.~~≈##.# #≈≈~####
###....## #≈~P.8.P≈≈#.# ##≈## #
#...## ##~~.....~~#.# ###
#...#####8~.......~8.#
###......'.P8.@.8P.'.#
###..##8~.......~8.#
#..###~~.....~~#.#
##..##≈≈P.8.P≈~#.#
##.###≈~≈.~≈≈##.#
#.#.##≈~P≈≈##..# #....##~~~##...#
##....#####....##########
##########..........#............


There were no monsters in sight!

Vanquished Creatures
  the Royal Jelly (Slime:5)
  7 ancient liches
  4 orbs of fire (Zot:5)
  8 dread liches
  Khufu (Crypt:1)
  2 juggernauts
  A royal mummy (Crypt:1)
  5 Killer Klowns
  Xtahua (Vaults:3)
  Frederick (Vaults:3)
  11 golden dragons
  A curse toe (Zot:4)
  3 pandemonium lords
  6 bone dragons
  A profane servitor (Abyss:6)
  2 shard shrike zombies
  2 electric golems (Zot:5)
  An Ice Fiend (Depths:4)
  23 tentacled monstrosities
  3 hellephants
  2 walking crystal tomes (Depths:3)
  6 liches
  28 Orb Guardians
  2 deep elf blademasters (Elf:3)
  2 deep elf master archers (Elf:3)
  6 quicksilver dragons
  5 titans (Vaults:5)
  23 tentacled starspawn
  23 acid blobs
  14 sphinxes
  6 ancient champions
  An Executioner (Abyss:7)
  Frances (Spider:2)
  12 storm dragons
  Kirke (Swamp:2)
  6 death cobs
  Agnes (Spider:2)
  11 tengu reavers
  2 thorn hunters (Swamp:4)
  8 shadow dragons
  Donald (Orc:2)
  5 azure jellies
  2 fenstrider witches (Swamp:4)
  3 draconian monks
  A draconian scorcher (Abyss:6)
  8 frost giants
  5 rockslimes
  6 draconian knights
  3 iron dragons
  3 fire giants
  Aizul (Spider:2)
  4 deep elf sorcerers
  4 emperor scorpions
  12 ghost moths
  7 ghouls
  2 curse skulls
  20 vault wardens
  4 draconian shifters (Zot:2)
  A juggernaut zombie (Abyss:3)
  25 ironbound preservers
  5 deep elf elementalists (Elf:3)
  2 balrugs
  5 orc warlords
  7 draconian stormcallers
  13 quicksilver oozes
  A cacodemon (Abyss:7)
  6 draconian annihilators
  17 stone giants
  15 very ugly things
  2 reapers
  11 ironbound thunderhulks
  3 war gargoyles
  6 broodmothers
  2 grey draconians (Depths:4)
  10 green draconians
  2 vampire knights (Crypt:3)
  2 eleionomae
  5 deep elf demonologists
  4 starflowers (Abyss:1)
  A putrid mouth (Abyss:7)
  7 black draconians
  11 dire elephants
  9 red draconians
  2 lorocyprocas
  2 bunyips (Swamp:1)
  8 yellow draconians
  9 deep elf annihilators
  48 starcursed masses
  15 white draconians
  13 purple draconians
  12 eidola
  2 spark wasps (Depths:2)
  4 mummy priests
  A quicksilver dragon zombie (Crypt:2)
  5 ettins
  8 deep elf death magi
  2 blizzard demons
  A merfolk impaler (Depths:4)
  A green death (Abyss:3)
  7 deep elf high priests
  9 entropy weavers
  14 jiangshi
  A merfolk javelineer (Depths:4)
  3 spriggan zombies
  A quicksilver dragon skeleton (Abyss:4)
  10 great orbs of eyes
  11 fire dragons
  6 rakshasas
  8 yaktaur captains
  Harold (D:11)
  12 ice dragons
  40 vault guards
  10 hydras
  Erolcha (Orc:2)
  2 peacekeepers
  A catoblepas (D:13)
  A fenstrider witch zombie (Crypt:3)
  An ogre mage (Vaults:5)
  7 spriggan air magi
  4 jorogumos (Spider:4)
  A merfolk avatar (Abyss:7)
  8 ironbound frosthearts
  6 radroaches
  An anaconda (shapeshifter) (Depths:3)
  3 spriggan skeletons
  8 centaur warriors
  3 boulder beetles
  6 alligators
  13 dancing weapons
  Erica (Lair:1)
  An Orb Guardian skeleton (Crypt:2)
  A two-headed ogre (D:10)
  11 deep troll earth magi
  3 death knights
  4 death yaks (Lair:3)
  A titan zombie (Crypt:1)
  8 vampire magi
  2 deep troll shamans
  3 orc high priests
  11 tengu warriors
  27 thrashing horrors
  A hell knight (Depths:3)
  11 sun demons
  Urug (D:11)
  12 hell hogs
  15 deep elf knights
  5 shadow wraiths
  14 wretched stars
  3 sixfirhies
  8 pharaoh ants
  A bunyip zombie (Crypt:1)
  A skyshark (Lair:5)
  21 skeletal warriors
  An anaconda zombie (Crypt:1)
  An iron giant zombie (Crypt:1)
  2 sun moths
  7 iron trolls
  A deep troll (shapeshifter) (Depths:3)
  A goliath frog (Swamp:1)
  2 death drakes
  5 glowing orange brains
  A golden dragon skeleton (Crypt:3)
  56 deep trolls
  10 orb spiders
  9 deep elf archers
  4 spriggan druids
  12 phantasmal warriors
  3 bunyip skeletons
  13 wizards
  10 swamp dragons
  6 flayed ghosts
  17 ironbound convokers
  10 lindwurms
  2 shadow demons
  6 steelbarb worms
  9 necromancers
  8 bog bodies
  2 mana vipers (shapeshifter) (Vaults:5)
  A spriggan simulacrum (Crypt:3)
  A sphinx zombie (Crypt:2)
  6 cyclopes
  7 harpies
  12 orc knights
  A tengu zombie (Vaults:3)
  33 ugly things
  A tengu skeleton (Vaults:4)
  15 deep elf zephyrmancers
  19 deep elf pyromancers
  2 shining eyes (Depths:4)
  26 wolf spiders
  2 manticores
  3 orc sorcerers
  A frost giant zombie (Vaults:4)
  5 worldbinders
  28 moths of wrath
  3 will-o-the-wisps
  2 salamanders (shapeshifter)
  A goliath frog skeleton (Crypt:1)
  A draconian zombie (Crypt:2)
  A guardian serpent (Abyss:7)
  A guardian serpent (shapeshifter) (Vaults:5)
  2 elephants
  4 rust devils
  A centaur zombie (Crypt:1)
  18 vault sentinels
  A dire elephant zombie (Crypt:1)
  A fire giant skeleton (Crypt:3)
  2 stone giant skeletons
  Joseph (D:9)
  2 gargoyles (D:14)
  An iron dragon skeleton (Crypt:3)
  3 eyes of devastation
  Maurice (Orc:2)
  5 apocalypse crabs
  19 large abominations
  A centaur skeleton (Abyss:1)
  3 black mambas (Lair:5)
  10 smoke demons
  3 demonic crawlers
  2 naga skeletons
  9 torpor snails
  4 orange demons
  7 cane toads
  A hellion (D:11)
  A dire elephant skeleton (Crypt:1)
  3 rime drakes
  An unseen horror (D:12)
  5 kobold demonologists
  13 komodo dragons
  A death yak skeleton (Crypt:3)
  33 yaktaurs
  An anaconda simulacrum (D:14)
  2 freezing wraiths
  4 guardian mummies
  2 red devils
  4 efreet
  15 ancient zymes
  An alligator snapping turtle skeleton (Crypt:3)
  A tormentor (D:15)
  A hydra zombie (Crypt:2)
  7 tengu conjurers
  2 polar bears
  8 trolls
  5 hellwings
  A bloated husk (Swamp:3)
  A queen bee (Spider:4)
  32 tarantellas
  A meliai (shapeshifter) (Vaults:5)
  6 meliai (Spider:4)
  4 tyrant leeches
  Prince Ribbit (Lair:1)
  14 hornets
  A sea snake skeleton (Crypt:2)
  2 ettin zombies (Vaults:4)
  21 raiju
  A boulder beetle zombie (Crypt:1)
  22 jumping spiders
  17 blink frogs
  A human simulacrum (Vaults:4)
  An ettin skeleton (Crypt:2)
  82 slime creatures
  A culicivora (shapeshifter) (D:13)
  33 culicivoras
  14 flying skulls
  9 spriggans
  4 vampires (WizLab)
  An air elemental (Elf:2)
  3 fire elementals
  8 wraiths
  An elf zombie (Vaults:3)
  10 water elementals
  9 wyverns
  4 ynoxinuls
  A shadow (D:11)
  Grum (Lair:1)
  4 steam dragons
  5 basilisks
  5 chaos spawn
  43 yaks
  2 golden eyes (Slime:5)
  8 vampire mosquitoes
  76 redbacks
  12 neqoxecs
  7 hogs (Swamp:2)
  2 minotaur simulacra (D:14)
  A glowing shapeshifter zombie (Vaults:3)
  3 harpy simulacra
  8 wargs
  A merfolk zombie (Crypt:1)
  11 swamp worms
  A fire bat zombie (Crypt:1)
  2 two-headed ogre zombies (WizLab)
  A swamp worm (shapeshifter) (Depths:3)
  8 acid dragons
  A two-headed ogre skeleton (Crypt:2)
  10 water moccasins
  A floating eye (Depths:3)
  3 hell hounds
  A demonspawn skeleton (Crypt:2)
  8 swamp drakes
  2 sky beasts (D:6)
  3 black bears
  An ettin simulacrum (Crypt:1)
  42 orc warriors
  2 ice beasts
  A human zombie (Vaults:4)
  3 boggarts (D:14)
  14 wolves
  7 ogres
  7 centaurs
  2 phantoms
  A salamander zombie (Crypt:2)
  4 kobold brigands (D:10)
  21 small abominations
  4 bullfrogs
  3 necrophages (Crypt:1)
  4 deep troll simulacra (D:14)
  3 earth elementals
  A gnoll sergeant (D:6)
  4 scorpions
  A demonspawn simulacrum (Crypt:1)
  9 wights
  A cyclops skeleton (Crypt:1)
  A hornet simulacrum (D:14)
  8 troll zombies (WizLab)
  22 killer bees
  3 electric eels
  3 howler monkeys (D:7)
  A yak skeleton (Crypt:2)
  2 quasits (Abyss:3)
  An iron imp (Abyss:3)
  2 jellies
  28 orc priests
  2 sleepcaps (D:5)
  A bullfrog skeleton (Crypt:2)
  2 gnoll boudas
  A basilisk skeleton (Crypt:3)
  33 orc wizards
  Natasha (thrice) (D:3)
  14 iguanas
  4 ogre zombies (WizLab)
  A deep dwarf skeleton (Crypt:2)
  5 mummies
  14 adders
  19 gnolls
  4 river rats (Sewer)
  A shadow imp (D:8)
  6 white imps
  2 ufetubi
  5 worms
  6 dart slugs
  108 orcs
  15 bats
  11 endoplasms
  6 giant cockroaches
  18 goblins
  19 hobgoblins
  10 jackals
  12 kobolds
  4 quokkas
  14 ball pythons
  8 frilled lizards
  4 rats
  31 fire vortices
  3 lurking horrors
  3 plants (Zot:1)
  8 starspawn tentacles
2725 creatures vanquished.

Vanquished Creatures (collateral kills)
  A dread lich (Crypt:3)
  Mara (Swamp:4)
  A curse toe (Crypt:3)
  2 golden dragons
  Jorgrun (D:14)
  2 tentacled monstrosities (Vaults:5)
  A lich (Crypt:3)
  A quicksilver dragon (Vaults:5)
  A tentacled starspawn (Abyss:7)
  5 ancient champions
  A storm dragon (Vaults:5)
  A revenant (Crypt:3)
  An azure jelly (Slime:5)
  2 frost giants
  A fire giant (Vaults:5)
  An iron dragon (Vaults:5)
  A caustic shrike zombie (Crypt:3)
  2 draconian shifters
  A vault warden (Vaults:4)
  An ironbound preserver (Vaults:5)
  A quicksilver ooze (Slime:5)
  A reaper (Crypt:3)
  A stone giant (Vaults:5)
  A purple draconian (Zot:2)
  4 dire elephants (Vaults:3)
  A minotaur (Gauntlet)
  A yellow draconian (Zot:3)
  A quicksilver dragon zombie (Crypt:3)
  A deep elf death mage (Vaults:5)
  An ettin (Vaults:5)
  A fire dragon (Depths:3)
  2 jiangshi (Crypt:3)
  A juggernaut simulacrum (Crypt:3)
  4 hydras (Swamp:4)
  A ghost crab (Swamp:4)
  2 wretched stars (Abyss:7)
  7 skeletal warriors
  A bog body (Swamp:4)
  2 swamp dragons (Swamp:4)
  An orc knight (Vaults:4)
  A necromancer (Vaults:4)
  An ironbound convoker (Vaults:5)
  A shadow dragon skeleton (Vaults:4)
  A human skeleton (Vaults:4)
  2 apocalypse crabs
  A stone giant skeleton (Vaults:4)
  2 elephants (Lair:2)
  An alligator snapping turtle skeleton (Crypt:3)
  A mana viper zombie (Crypt:3)
  5 guardian mummies (Crypt:3)
  A harpy skeleton (Crypt:3)
  An ettin zombie (Crypt:3)
  2 raiju
  A dream sheep (shapeshifter) (Vaults:5)
  2 slime creatures
  A shadow (Abyss:2)
  A yak (Lair:3)
  3 starcursed masses (Abyss:7)
  An ushabti (Crypt:3)
  A ynoxinul (Abyss:4)
  A golden eye (Slime:5)
  2 vampire mosquitoes (Swamp:4)
  2 large abominations
  A warg (Orc:2)
  A swamp worm (Swamp:4)
  A small abomination (Abyss:4)
  4 swamp drakes (Swamp:4)
  5 orc warriors (Orc:2)
  A manticore skeleton (Crypt:3)
  A wight (Abyss:2)
  A troll zombie (WizLab)
  3 orc priests (Orc:2)
  3 jellies (Gauntlet)
  2 orc wizards (Orc:2)
  An ice beast zombie (Crypt:3)
  9 mummies (Crypt:3)
  An ufetubus (Abyss:3)
  A lava snake zombie (Crypt:3)
  6 orcs (Orc:2)
  2 endoplasms (Slime:3)
  2 lurking horrors
143 creatures vanquished.

Vanquished Creatures (others)
  A draconian scorcher (Zot:1)
  A goliath frog (Swamp:4)
  A bloated husk (Swamp:1)
  A tyrant leech (Swamp:1)
  A swamp worm (Swamp:1)
  A small abomination (Abyss:3)
  A demonic plant (Abyss:1)
  295 fire vortices
  4 foxfires (Swamp:3)
  14 fungi
  A lurking horror (Abyss:7)
  67 plants
  12 snaplasher vines
  15 starspawn tentacles
  3 withered plants (Gauntlet)
418 creatures vanquished.

Grand Total: 3286 creatures vanquished

Notes
Turn   | Place    | Note
-------+----------+-------------------------------------------
     0 | D:1      | jasper the Djinni Venom Mage began the quest for the Orb.
     0 | D:1      | jasper set off with the following spells memorised: Sting,
                  | Poisonous Vapours, Mephitic Cloud, Olgreb's Toxic Radiance.
     0 | D:1      | Reached XP level 1. HP: 15/15 MP: 0/0
    79 | D:1      | Reached XP level 2. HP: 20/21 MP: 0/0
   388 | D:1      | Reached XP level 3. HP: 20/25 MP: 0/0
   388 | D:1      | Learned a level 1 spell: Sandblast
   453 | D:1      | Found a faded altar of an unknown god.
  1026 | D:2      | Reached XP level 4. HP: 24/31 MP: 0/0
  1407 | D:2      | Reached XP level 5. HP: 24/35 MP: 0/0
  1407 | D:2      | Learned a level 2 spell: Wereblood
  1485 | D:2      | Found Tisevium's Antique Weapon Emporium.
  2159 | D:3      | Noticed Natasha
  2167 | D:3      | Killed Natasha
  2236 | D:3      | Noticed Natasha
  2241 | D:3      | Killed Natasha
  2315 | D:3      | Found a runed translucent gate.
  2315 | D:3      | Found a runed translucent gate.
  2316 | D:3      | Found a runed translucent gate.
  2318 | D:3      | Noticed bearlyready's ghost (amateur AtBe)
  2379 | D:3      | Reached XP level 6. HP: 38/40 MP: 0/0
  2414 | D:3      | Noticed Natasha
  2418 | D:3      | Killed Natasha
  2419 | D:3      | Reached skill level 5 in Spellcasting
  2667 | D:3      | Found Feabero's One-of-a-Kind Rings.
  2818 | D:3      | Found a snail-covered altar of Cheibriados.
  2936 | D:3      | Became a worshipper of Cheibriados the Contemplative
  3122 | D:4      | Found Qyt Puru's General Store.
  3129 | D:4      | Bought a +1 helmet of see invisible for 181 gold pieces
  3296 | D:4      | Found a staircase to the Ecumenical Temple.
  3328 | D:4      | Reached XP level 7. HP: 43/45 MP: 0/0
  3328 | D:4      | Learned a level 3 spell: Dazzling Flash
  3773 | D:5      | Entered Level 5 of the Dungeon
  3867 | D:5      | Reached * piety under Cheibriados
  3994 | D:5      | Reached XP level 8. HP: 47/50 MP: 0/0
  4024 | D:5      | Found a glowing drain.
  4042 | Sewer    | Entered a sewer
  4257 | Sewer    | Reached ** piety under Cheibriados
  4459 | Sewer    | Reached skill level 1 in Fighting
  4518 | Sewer    | Reached skill level 1 in Invocations
  4809 | D:5      | Found Fugan's Neck Hole.
  4814 | D:5      | Bought a +0 cloak for 54 gold pieces
  5186 | D:6      | Found a stormy altar of Qazlal.
  5332 | D:6      | Noticed a troll
  5337 | D:6      | Reached XP level 9. HP: 51/61 MP: 0/0
  5337 | D:6      | Learned a level 3 spell: Vampiric Draining
  5339 | D:6      | Reached *** piety under Cheibriados
  5340 | D:6      | Killed a troll
  5341 | D:6      | Reached skill level 5 in Dodging
  5530 | D:6      | Reached skill level 5 in Fighting
  5530 | D:6      | Reached skill level 5 in Invocations
  6616 | D:7      | Found a broken altar of Ashenzari.
  6628 | D:7      | Reached XP level 10. HP: 67/70 MP: 0/0
  7051 | D:8      | Found Jeckyor's Distillery.
  7060 | D:8      | Bought a potion of heal wounds for 75 gold pieces
  7060 | D:8      | Bought a potion of curing for 45 gold pieces
  7221 | D:8      | Found a flagged portal.
  7232 | Bailey   | Entered a bailey
  7266 | Bailey   | Reached **** piety under Cheibriados
  7528 | Bailey   | Noticed an orc warlord
  7548 | Bailey   | Killed an orc warlord
  7926 | D:8      | Reached ***** piety under Cheibriados
  7927 | D:8      | Reached XP level 11. HP: 76/79 MP: 0/0
  7927 | D:8      | Learned a level 5 spell: Summon Mana Viper
  8815 | D:9      | Noticed Joseph
  8824 | D:9      | Killed Joseph
  9347 | D:10     | Entered Level 10 of the Dungeon
  9497 | D:10     | Noticed an elephant
  9512 | D:9      | Killed an elephant
  9589 | D:10     | Reached skill level 10 in Dodging
  9593 | D:10     | Found a staircase to the Lair.
  9883 | D:10     | Reached ****** piety under Cheibriados
  9981 | D:10     | Found a hide-covered altar of Uskayaw.
  9986 | D:10     | Found an opulent altar of Gozag.
  9989 | D:10     | Found an ornate altar of the Wu Jian Council.
 10030 | D:10     | Noticed a two-headed ogre
 10042 | D:10     | Killed a two-headed ogre
 10043 | D:10     | Reached XP level 12. HP: 90/90 MP: 0/0
 10478 | D:11     | Noticed Harold
 10493 | D:11     | Killed Harold
 10979 | D:11     | Reached skill level 1 in Armour
 10984 | D:11     | Reached skill level 10 in Fighting
 10985 | D:11     | Reached skill level 10 in Invocations
 11142 | D:11     | Noticed Urug
 11154 | D:11     | Killed Urug
 11547 | Lair:1   | Entered Level 1 of the Lair of Beasts
 11574 | Lair:1   | Found a runed translucent door.
 11576 | Lair:1   | Noticed Vohupaw's ghost (journeyman DrAE)
 11894 | Lair:1   | Noticed Prince Ribbit
 11899 | Lair:1   | Killed Prince Ribbit
 12191 | Lair:1   | Noticed Erica
 12195 | Lair:1   | Killed Erica
 12196 | Lair:1   | Reached XP level 13. HP: 93/96 MP: 0/0
 12196 | Lair:1   | Learned a level 5 spell: Summon Forest
 12460 | Lair:1   | Noticed Grum
 12465 | Lair:1   | Killed Grum
 12828 | Lair:2   | Found a hole to the Spider Nest.
 13772 | Lair:3   | Found a staircase to the Swamp.
 14700 | Lair:4   | Noticed a seven-headed hydra
 14710 | Lair:4   | Killed a seven-headed hydra
 15189 | Lair:5   | Entered Level 5 of the Lair of Beasts
 15224 | Lair:5   | Found a viscous altar of Jiyva.
 15225 | Lair:5   | Found a staircase to the Slime Pits.
 15228 | Lair:5   | Noticed a four-headed hydra
 15240 | Lair:5   | Killed a four-headed hydra
 15241 | Lair:5   | Reached XP level 14. HP: 86/105 MP: 0/0
 15496 | D:3      | Bought a +9 ring of intelligence for 780 gold pieces
 16031 | D:12     | Found a staircase to the Orcish Mines.
 16042 | Orc:1    | Entered Level 1 of the Orcish Mines
 16267 | Orc:1    | Found Rucyegitt's Magic Scroll Shop.
 16285 | Orc:1    | Bought a scroll of fog for 44 gold pieces
 16621 | Orc:2    | Entered Level 2 of the Orcish Mines
 16690 | Orc:2    | Noticed Erolcha
 16716 | Orc:2    | Killed Erolcha
 16766 | Orc:2    | Noticed Maurice
 16774 | Orc:2    | Killed Maurice
 16775 | Orc:2    | Reached skill level 10 in Spellcasting
 16849 | Orc:2    | Found a staircase to the Elven Halls.
 16890 | Orc:2    | Noticed Donald
 16898 | Orc:2    | Killed Donald
 16941 | Orc:2    | Paralysed by an orc sorcerer for 5 turns
 16966 | Orc:2    | Reached XP level 15. HP: 30/112 MP: 0/0
 16966 | Orc:2    | Learned a level 6 spell: Iron Shot
 17051 | Orc:2    | Noticed an orc warlord
 17066 | Orc:2    | Killed an orc warlord
 17131 | Orc:2    | Found Ateadadoo's Jewellery Shop.
 17173 | Orc:2    | Bought an amulet of regeneration for 390 gold pieces
 17405 | Orc:2    | Found Fyafegg's General Store.
 17419 | Orc:2    | Found Rydghul's Antique Weapon Shop.
 17436 | Orc:2    | Found Sidauss's Antique Armour Shop.
 18056 | Lair:5   | Reached XP level 16. HP: 114/118 MP: 0/0
 18534 | Lair:5   | Found a runed translucent door.
 19375 | D:13     | Reached skill level 10 in Shields
 19545 | D:13     | Found a hazy altar of Hepliaklqana.
 19881 | D:14     | Found a flickering gateway to a bazaar.
 19902 | Bazaar   | Entered a bazaar
 19904 | Bazaar   | Found Syenos's Antique Armour Boutique.
 19908 | Bazaar   | Found Zohi's Armour Boutique.
 19908 | Bazaar   | Found Eruof's General Store.
 19909 | Bazaar   | Found Vean's Distillery.
 19924 | Bazaar   | Bought a scroll of teleportation for 30 gold pieces
 19932 | Bazaar   | Bought 2 potions of mutation for 192 gold pieces
 19932 | Bazaar   | Bought a potion of curing for 36 gold pieces
 19932 | Bazaar   | Bought 2 potions of mutation for 192 gold pieces
 19940 | Bazaar   | Bought a pair of glowing gloves for 127 gold pieces
 19992 | D:14     | Found a transporter.
 19994 | D:14     | Noticed Plog's ghost (journeyman DECj)
 19995 | D:14     | Found a transporter.
 20118 | D:14     | Found a gate to the Vaults.
 20293 | D:14     | Identified the +5 scimitar of Intimidation {protect, rF-
                  | Will+ rCorr Int+3}
 20630 | D:14     | Noticed Jorgrun
 20644 | D:14     | Killed Jorgrun
 20743 | D:15     | Entered Level 15 of the Dungeon
 20845 | D:15     | Found a gate leading to a gauntlet.
 20854 | Gauntlet | Entered a Gauntlet
 20854 | Gauntlet | Found a transporter.
 20854 | Gauntlet | Found a transporter.
 20869 | Gauntlet | Found a transporter.
 20873 | Gauntlet | Found a transporter.
 20883 | Gauntlet | Found a transporter.
 20885 | Gauntlet | Found a transporter.
 20895 | Gauntlet | Found a transporter.
 20913 | Gauntlet | Found a transporter.
 20930 | Gauntlet | Found a transporter.
 20934 | Gauntlet | Found a transporter.
 20938 | Gauntlet | Found a runed translucent door.
 20939 | Gauntlet | Found a runed translucent door.
 20942 | Gauntlet | Found a transporter.
 20946 | Gauntlet | Found a transporter.
 21021 | Gauntlet | Reached XP level 17. HP: 115/123 MP: 0/0
 21021 | Gauntlet | Learned a level 6 spell: Summon Cactus Giant
 21050 | Gauntlet | Identified the ring "Xavelun" {Str+6 Stlth+}
 21089 | Gauntlet | Identified the +0 spear of Quick Death {venom, Dex+2}
 21106 | Gauntlet | Identified the staff of cold "Alotra" {rC+ Will+ MP+9}
 21106 | Gauntlet | Identified the staff of fire "Tuopp" {rF+ Will+ Dex+3}
 21548 | D:15     | Found a staircase to the Depths.
 21950 | D:15     | Identified a scroll of acquirement
 21951 | D:15     | Acquired 709 gold pieces
 22246 | Swamp:1  | Entered Level 1 of the Swamp
 22314 | Swamp:1  | Reached skill level 15 in Shields
 22737 | Swamp:2  | Noticed Kirke
 22869 | Swamp:2  | Killed Kirke
 22958 | Swamp:2  | Noticed Roxanne
 23988 | Swamp:4  | Entered Level 4 of the Swamp
 23991 | Swamp:4  | Noticed a thorn hunter
 23995 | Swamp:4  | Killed a thorn hunter
 24033 | Swamp:4  | Reached XP level 18. HP: 132/132 MP: 0/0
 24107 | Swamp:4  | Noticed Mara
 24112 | Swamp:4  | Killed Mara
 24270 | Swamp:4  | Got a decaying rune of Zot
 24765 | Spider:1 | Entered Level 1 of the Spider Nest
 25205 | Spider:1 | Reached skill level 15 in Dodging
 26002 | Spider:2 | Noticed Agnes
 26006 | Spider:2 | Killed Agnes
 26010 | Spider:2 | Noticed Frances
 26024 | Spider:2 | Killed Frances
 26309 | Spider:2 | Noticed Aizul
 26316 | Spider:2 | Killed Aizul
 26911 | Spider:3 | Reached XP level 19. HP: 132/140 MP: 0/0
 26911 | Spider:3 | Learned a level 7 spell: Ozocubu's Refrigeration
 27283 | Spider:4 | Entered Level 4 of the Spider Nest
 27878 | Spider:4 | Reached skill level 15 in Fighting
 28054 | Spider:4 | Got a gossamer rune of Zot
 28055 | Spider:4 | Identified the +0 pair of boots of Mumblety Peg {Fly Str+2}
 28714 | Elf:1    | Entered Level 1 of the Elven Halls
 28927 | Elf:1    | Reached XP level 20. HP: 142/149 MP: 0/0
 29023 | Elf:1    | Identified the +3 flail of the Five Teeth {venom, Dex+5}
 29194 | Elf:1    | Identified the +1 ring mail of Shadows and Fog {-Tele
                  | Will+++ Str+2 Int-3}
 29447 | Elf:1    | Found Nuodoque's Armour Emporium.
 29654 | Elf:1    | Reached skill level 15 in Spellcasting
 30072 | Elf:2    | Found Mapriv's Distillery.
 30078 | Elf:2    | Bought a potion of heal wounds for 55 gold pieces
 30078 | Elf:2    | Bought a potion of curing for 33 gold pieces
 30078 | Elf:2    | Bought a potion of heal wounds for 55 gold pieces
 30078 | Elf:2    | Bought a potion of heal wounds for 55 gold pieces
 30078 | Elf:2    | Bought 2 potions of curing for 66 gold pieces
 30078 | Elf:2    | Bought a potion of invisibility for 88 gold pieces
 30247 | Elf:2    | Found a huge runed translucent gate.
 30247 | Elf:2    | Found a huge runed translucent gate.
 30247 | Elf:2    | Found a huge runed translucent gate.
 30247 | Elf:2    | Found a huge runed translucent gate.
 30248 | Elf:2    | Found a huge runed translucent gate.
 30471 | Elf:3    | Entered Level 3 of the Elven Halls
 30665 | Elf:3    | Found Miozid's Book Emporium.
 30969 | Elf:3    | Identified the +11 broad axe "Wouhu" {heavy, Int+2}
 30969 | Elf:3    | Identified the ring "Razer" {*Slow +Blink rPois rC++ SInv}
 31096 | Elf:3    | Identified the +4 scale mail of the Dolphin {MP+9 Str-2
                  | Int+9 Dex-3}
 31134 | Elf:3    | Identified the staff of conjuration "Voitz" {rN+ Str+3}
 31155 | Elf:3    | Identified the +5 great sword of Generosity {drain, Fly
                  | Str+3 Dex-5}
 31155 | Elf:3    | Identified the ring "Vuykar" {Fire rN++}
 31174 | Elf:3    | Reached XP level 21. HP: 153/157 MP: 0/0
 31174 | Elf:3    | Learned a level 8 spell: Disjunction
 31193 | Elf:3    | Identified the +10 broad axe "Ziefosh" {heavy, Fly Dex+3}
 31227 | Elf:3    | Identified the +8 long sword of the Damp God {flame, SInv
                  | Stlth+}
 31749 | Vaults:1 | Entered Level 1 of the Vaults
 31930 | Vaults:1 | Identified the +4 battleaxe of Destiny {spect, Int+4 Dex-4
                  | Stlth+}
 32258 | Vaults:1 | Found Fusoel's Assorted Antiques.
 32265 | Vaults:1 | Bought a scroll of fear for 92 gold pieces
 32265 | Vaults:1 | Bought a scroll of magic mapping for 172 gold pieces
 32265 | Vaults:1 | Bought 3 scrolls of fear for 276 gold pieces
 32265 | Vaults:1 | Bought a potion of curing for 69 gold pieces
 32265 | Vaults:1 | Bought a scroll of fog for 92 gold pieces
 32265 | Vaults:1 | Bought a potion of cancellation for 184 gold pieces
 33697 | Vaults:2 | Found a staircase to the Crypt.
 33768 | Vaults:2 | Reached XP level 22. HP: 149/166 MP: 0/0
 34869 | Vaults:3 | Noticed Xtahua
 34872 | Vaults:3 | Killed Xtahua
 34890 | Vaults:3 | Found Gozag's Antique Armour Emporium.
 34896 | Vaults:3 | Found an opulent altar of Gozag.
 34898 | Vaults:3 | Found Gozag's Antique Armour Shoppe.
 34914 | Vaults:3 | Found Gozag's Antique Armour Shoppe.
 35095 | Vaults:3 | Noticed Frederick
 35099 | Vaults:3 | Killed Frederick
 35592 | Vaults:4 | Reached XP level 23. HP: 151/175 MP: 0/0
 35592 | Vaults:4 | Learned a level 8 spell: Summon Horrible Things
 36627 | Vaults:5 | Entered Level 5 of the Vaults
 37211 | Vaults:5 | Identified the +1 pair of gloves "Umiusom" {rC+}
 37237 | Vaults:5 | Noticed a dread lich
 37242 | Vaults:5 | Killed a dread lich
 37245 | Vaults:5 | Reached XP level 24. HP: 118/181 MP: 0/0
 37602 | Depths:1 | Entered Level 1 of the Depths
 37633 | Depths:1 | Found a gateway to Hell.
 37865 | Depths:1 | Found Cymicy's Antique Weapon Boutique.
 37865 | Depths:1 | Found Qeamm's Weapon Shop.
 37866 | Depths:1 | Found Tilux's Magic Scroll Shop.
 37868 | Depths:1 | Found Zegyzio's Jewellery Boutique.
 37917 | Depths:1 | Found Paaciog's Weapon Shoppe.
 37975 | Depths:1 | Found a glowing silver altar of Zin.
 38455 | Depths:2 | Found a magical portal.
 38462 | WizLab   | Entered Zonguldrok's Shrine
 38682 | WizLab   | Noticed an antique lich
 38685 | WizLab   | Killed an antique lich
 38717 | WizLab   | Found the +9 sword of Zonguldrok {reap}
 38939 | Crypt:1  | Entered Level 1 of the Crypt
 40030 | Crypt:1  | Noticed a royal mummy
 40035 | Crypt:1  | Killed a royal mummy
 40051 | Crypt:1  | Noticed Khufu
 40345 | Crypt:1  | Found the amulet of Vitality {RegenMP++ Regen++}
 40382 | Crypt:1  | Killed Khufu
 40667 | Crypt:2  | Reached XP level 25. HP: 184/187 MP: 0/0
 40667 | Crypt:2  | Learned a level 9 spell: Shatter
 40911 | Crypt:2  | Found a runed translucent door.
 40911 | Crypt:2  | Noticed Omiorith's ghost (adept GrFi)
 41184 | Crypt:3  | Entered Level 3 of the Crypt
 41248 | Crypt:3  | Found a staircase to the Tomb.
 41558 | Crypt:3  | Noticed a dread lich
 41560 | Crypt:3  | Killed a dread lich
 41816 | Crypt:3  | Noticed a dread lich
 41817 | Crypt:3  | Noticed a curse toe
 41820 | Crypt:3  | Killed a dread lich
 41820 | Crypt:3  | Found a basalt altar of Yredelemnul.
 41827 | Crypt:3  | Killed a curse toe
 41890 | Crypt:3  | Identified the ring of Ziemamy {rF+ rN+ Will+ Stlth+}
 41890 | Crypt:3  | Identified the ring "Tezxequc" {rN+ Slay+5}
 41890 | Crypt:3  | Identified the ring of Nyejecil {rPois rN+ Int-5 Dex+2
                  | Stlth+}
 42120 | Vaults:3 | Bought the +4 moon troll leather armour {Spirit, Regen++
                  | MP+5} for 5450 gold pieces
 42120 | Vaults:3 | Found the +4 moon troll leather armour {Spirit, Regen++
                  | MP+5}
 42229 | Vaults:5 | Noticed a dread lich
 42242 | Vaults:5 | Killed a dread lich
 42253 | Vaults:5 | Reached XP level 26. HP: 146/193 MP: 0/0
 42434 | Vaults:5 | Identified the ring "Mocod" {rPois Dex+6}
 42508 | Vaults:5 | Got a silver rune of Zot
 42957 | Depths:2 | Found a one-way gate leading to the halls of Pandemonium.
 42957 | Depths:2 | Gained mutation: You sometimes lose your temper in combat.
                  | [a neqoxec]
 43070 | Depths:2 | Found a white marble altar of Elyvilon.
 43114 | Depths:2 | Found a runed translucent door.
 43114 | Depths:2 | Noticed Osilorir's ghost (veteran MfMo)
 43500 | Depths:3 | Found a one-way gate to the infinite horrors of the Abyss.
 43500 | Depths:3 | Found the +3 salamander hide armour {Flames, rFlCloud rF++
                  | rC--}
 43525 | Depths:3 | Noticed a juggernaut
 43529 | Depths:3 | Killed a juggernaut
 43534 | Depths:3 | HP: 3/193 [ice dragon/blast of cold (10)]
 43688 | Depths:3 | Identified the +8 lajatang of Anguish {heavy, Str+3}
 43702 | Depths:3 | Reached XP level 27. HP: 199/199 MP: 0/0
 43702 | Depths:3 | Learned a level 9 spell: Fire Storm
 43785 | Depths:3 | Identified the staff of poison "Qoruthiys" {rPois Will+
                  | SInv}
 43887 | Depths:3 | Identified the +7 falchion of Outrage {pain, +Blink}
 44035 | Depths:3 | Found a one-way gateway to a ziggurat.
 44357 | Depths:4 | Entered Level 4 of the Depths
 44368 | Depths:4 | Noticed a juggernaut
 44371 | Depths:4 | Killed a juggernaut
 45087 | Depths:4 | Found an ornate altar of the Wu Jian Council.
 45352 | Depths:4 | Found a gate to the Realm of Zot.
 45501 | Zot:1    | Entered Level 1 of the Realm of Zot
 45839 | Zot:1    | Identified the +0 ring mail of Fealiteo {rF- Dex+2 Slay+5}
 46726 | Zot:2    | Noticed a Killer Klown
 46727 | Zot:2    | Killed a Killer Klown
 46916 | Zot:2    | Acquired the +0 kite shield "Behukog" {Regen+}
 46969 | Zot:2    | Identified the +3 scale mail "Sigauryf" {Dex+3}
 47512 | Zot:3    | Reached skill level 27 in Spellcasting
 48577 | Zot:4    | Noticed a Killer Klown
 48578 | Zot:4    | Killed a Killer Klown
 49132 | Zot:4    | Identified the +1 scale mail "Sownit" {rCorr}
 49505 | Zot:5    | Entered Level 5 of the Realm of Zot
 49514 | Zot:5    | Noticed an ancient lich
 49517 | Zot:5    | Killed an ancient lich
 49534 | Zot:5    | Noticed a dread lich
 49536 | Zot:5    | Killed a dread lich
 49718 | Zot:5    | Noticed a dread lich
 49720 | Zot:5    | Killed a dread lich
 49731 | Zot:5    | Noticed an orb of fire
 49737 | Zot:5    | Noticed a dread lich
 49739 | Zot:5    | Killed a dread lich
 49740 | Zot:5    | Killed an orb of fire
 49740 | Zot:5    | Noticed a Killer Klown
 49772 | Zot:5    | Killed a Killer Klown
 49772 | Zot:5    | Noticed an orb of fire
 49774 | Zot:5    | Gained mutation: Armour fits poorly on your strangely
                  | shaped body. [an orb of fire]
 49776 | Zot:5    | Noticed an orb of fire
 49776 | Zot:5    | Gained mutation: You are weak. (Str -2) [an orb of fire]
 49784 | Zot:5    | Killed an orb of fire
 49787 | Zot:5    | Killed an orb of fire
 49790 | Zot:4    | Lost mutation: You sometimes lose your temper in combat.
                  | [potion of mutation]
 49790 | Zot:4    | Lost mutation: You are weak. (Str -2) [potion of mutation]
 49790 | Zot:4    | Gained mutation: You are partially covered in iridescent
                  | scales. (AC +2) [potion of mutation]
 49790 | Zot:4    | Gained mutation: You are agile. (Dex +4, Str/Int -1)
                  | [potion of mutation]
 49790 | Zot:4    | Lost mutation: You are agile. (Dex +4, Str/Int -1) [potion
                  | of mutation]
 49910 | Zot:5    | Noticed an ancient lich
 49912 | Zot:5    | Killed an ancient lich
 49949 | Zot:5    | Noticed a Killer Klown
 49950 | Zot:5    | Noticed a Killer Klown
 49951 | Zot:5    | Killed a Killer Klown
 49951 | Zot:5    | Noticed an orb of fire
 49954 | Zot:5    | Killed a Killer Klown
 49955 | Zot:5    | Noticed a dread lich
 49956 | Zot:5    | Killed an orb of fire
 49957 | Zot:5    | Killed a dread lich
 50027 | Zot:5    | Noticed an ancient lich
 50029 | Zot:5    | Killed an ancient lich
 51131 | Slime:1  | Entered Level 1 of the Pits of Slime
 51270 | Slime:5  | Entered Level 5 of the Pits of Slime
 51290 | Slime:5  | Noticed the Royal Jelly
 51293 | Slime:5  | Killed the Royal Jelly
 51394 | Slime:5  | Got a slimy rune of Zot
 51710 | Depths:3 | Voluntarily entered the Abyss.
 51783 | Abyss:2  | Found a corrupted altar of Lugonu.
 51783 | Abyss:2  | Found a corrupted altar of Lugonu.
 51977 | Abyss:2  | Found a corrupted altar of Lugonu.
 52161 | Abyss:3  | Noticed an ancient lich
 52163 | Abyss:3  | Killed an ancient lich
 52610 | Abyss:5  | Noticed an ancient lich
 52612 | Abyss:5  | Killed an ancient lich
 52619 | Abyss:5  | Reached skill level 27 in Fighting
 52650 | Abyss:6  | Gained mutation: You are clumsy. (Dex -2) [a neqoxec]
 52658 | Abyss:7  | Entered Level 7 of the Abyss
 52693 | Depths:3 | Escaped the Abyss
 52732 | Depths:3 | Voluntarily entered the Abyss.
 52732 | Abyss:7  | Entered Level 7 of the Abyss
 52732 | Abyss:7  | Found a corrupted altar of Lugonu.
 52745 | Abyss:7  | Got an abyssal rune of Zot
 52759 | Abyss:7  | Noticed a dread lich
 52761 | Abyss:7  | Killed a dread lich
 52854 | Depths:3 | Escaped the Abyss
 53069 | Zot:5    | Got the Orb of Zot
 53075 | Zot:5    | Noticed Ceodar the pandemonium lord
 53076 | Zot:5    | Killed Ceodar the pandemonium lord
 53377 | D:15     | Noticed Cieh the pandemonium lord
 53384 | D:15     | Killed Cieh the pandemonium lord
 53480 | D:11     | Noticed Guowkuc the pandemonium lord
 53481 | D:11     | Killed Guowkuc the pandemonium lord
 53483 | D:11     | Noticed an ancient lich
 53484 | D:11     | Killed an ancient lich
 53697 | D:$      | Escaped with the Orb!

Illustrated notes

Levels and vault maps discovered:
D:1:      lightli_arrival_statuegarden, layout_basic, serial_rivers,
          chequers_serial_rivers_micro_b, chequers_serial_rivers_micro_c,
          chequers_serial_rivers_small_a, chequers_serial_rivers_marsh,
          chequers_serial_rivers_small_a, basic_ecumenical_altar,
          minmay_shallow_snake_nest
D:2:      minmay_angry_zag, layout_basic, serial_shops, nicolae_shop_waterfront
D:3:      layout_rooms, nicolae_overflow_crystal_walls,
          gammafunk_ghost_necromancy, nicolae_shop_unique_rings, uniq_natasha
D:4:      layout_loops_ring, minmay_temple_entry_offerings, serial_shops,
          nicolae_square_shop, chequers_serial_rivers_micro_a,
          minmay_fractal_squares_gapless_5
D:5:      layout_loops_cross, cheibrodos_sewer_entry_drain,
          nicolae_shop_sticking_my_neck_out
D:6:      layout_cave_pools, overflow_temple_1_default, minmay_manual_mullet
D:7:      layout_loops_corners, ashenzari_altar_1
D:8:      layout_loops_corners, serial_shops, shop, enter_bailey_2,
          serial_rivers, chequers_serial_rivers_room_b,
          chequers_serial_rivers_room_a, chequers_serial_rivers_large_a,
          chequers_serial_rivers_small_a, chequers_serial_rivers_room_b,
          chequers_serial_rivers_small_a, minmay_lizard_king
D:9:      layout_cave_pools, serial_column_ruins, column_ruins_pillar_2,
          column_ruins_pillar_6, column_ruins_pillar_11, column_ruins_pillar_2,
          column_ruins_pillar_7, column_ruins_pillar_4, column_ruins_pillar_6,
          column_ruins_pillar_2, column_ruins_pillar_12, column_ruins_pillar_4,
          column_ruins_pillar_3, column_ruins_pillar_3, column_ruins_pillar_1,
          column_ruins_pillar_4, column_ruins_pillar_1, column_ruins_pillar_4,
          column_ruins_pillar_9, kennysheep_generic_room_11, uniq_joseph
D:10:     layout_cave_pools, minmay_overflow_temple_star_quad,
          david_lair_generic, dreamdust_mushroom_princess
D:11:     layout_layer_cave, uniq_harold, uniq_urug
D:12:     layout_basic, minmay_orc_entry_temple_large,
          onia_ninara_dug_in_and_dangerous
D:13:     layout_rooms, worldfamousw_hep_ancestral_shrine
D:14:     layout_basic, grunt_vaults_entry_fortified, minmay_stone_trees_small,
          serial_shops, bzr_entry_customers,
          portal_ice_cave_entry_ice_simulacra, gammafunk_ghost_mausoleum,
          uniq_jorgrun
D:15:     grunt_enter_depths_hoard, layout_basic, serial_rivers,
          chequers_serial_rivers_micro_d, chequers_serial_rivers_marsh,
          chequers_serial_rivers_micro_c, chequers_serial_rivers_small_3,
          chequers_serial_rivers_small_3, gauntlet_entry_generic
Lair:1:   layout_long_grid, ebering_ghost_reflecting_pool, lemuel_fruit_tree,
          grunt_megastairs_3, infiniplex_staircase_pool, uniq_prince_ribbit2,
          uniq_grum, uniq_erica
Lair:2:   layout_layer_cave, spider_nest_entry_webs
Lair:3:   beast_lair_carwin_large_2, layout_regular_city,
          skrybe_swamp_entry_bodies, minivault_24
Lair:4:   layout_misc_corridors, st_stairs_7, lemuel_fruit_fields
Lair:5:   guppyfry_lair_end_dragon, layout_regular_city, wormcave,
          slime_entry_1, grunt_megastairs_5
Swamp:1:  layout_basic_swamp, nicolae_swamp_dense_foliage
Swamp:2:  layout_basic_swamp, hangedman_swamp_ruin_hall, swamp_pool3,
          uniq_roxanne, uniq_kirke
Swamp:3:  layout_basic_swamp, nicolae_swamp_treefoil
Swamp:4:  swamp_alternative, layout_basic_swamp, swamp_pool5, uniq_mara
Spider:1: layout_chambers
Spider:2: layout_spider_delve, spiders_nest_hornet_nest,
          nicolae_spider_cling_halls, uniq_frances, uniq_aizul, uniq_agnes
Spider:3: layout_spider_delve, nicolae_spider_stair_cavern
Spider:4: hellmonk_spider_rune_endless_swarm, special_room [special_room_bee],
          nicolae_spider_bug_shape
Slime:1:  layout_caves
Slime:2:  layout_caves
Slime:3:  layout_caves, nicolae_slime_welcoming_committee
Slime:4:  layout_caves
Slime:5
Orc:1:    layout_diamond_mine, serial_shops, nicolae_shop_hallway_plus
Orc:2:    grunt_orc_cross, layout_diamond_mine, uniq_maurice, uniq_erolcha,
          uniq_donald
Elf:1:    elf_arrival_002, layout_geoelf_diagonals, serial_shops,
          shop_fountains, basic_altar, evilmike_minifort,
          nicolae_elf_deep_friendship
Elf:2:    elven_hall_of_blades_hangedman_alternative
          [nicolae_blade_entry_floor_patterns], layout_geoelf_octagon,
          serial_shops, shop
Elf:3:    elf_hall_gauntlet_wide, layout_geoelf_castle, serial_shops,
          nicolae_diamond_shop
Vaults:1: v_alt_pattern_1, v_misc_9, vaults_mumra_minichess, v_misc_28,
          nicolae_vaults_puzzle_piece, ontoclasm_vaults_shuriken,
          layout_vaults_quadrants, serial_shops, shop_fountains
Vaults:2: v_rooms_5, minmay_crypt_entry_nasty_monster, vaults_room_grid,
          grunt_vaults_swirl, grunt_vaults_bifocal, vaults_room_door_hall,
          hangedman_vaults_cutoff, nicolae_vaults_theta, st_more_cells,
          v_rooms_1, v_misc_30, layout_vaults_omnicross
Vaults:3: ontoclasm_vaults_ring_small, vaults_mumra_hex, vaults_room_semicircle,
          v_alt_pattern_4, kennysheep_vaults_gozag_temple, v_misc_9,
          ontoclasm_vaults_ring_small, v_misc_19, ontoclasm_vaults_chip,
          layout_vaults_ring, uniq_xtahua, uniq_frederick
Vaults:4: nicolae_vaults_alarming, vaults_room_semicircle,
          vaults_mumra_bighexcomb, v_alt_pattern_3, hangedman_vaults_corner,
          nicolae_vaults_network_star, nicolae_vaults_puzzle_piece,
          vaults_dpeg_ring, hangedman_vaults_cutoff,
          nicolae_vaults_little_squares_3, vaults_room_stairs_pillars,
          ontoclasm_vaults_idyll, ontoclasm_vaults_ring_square,
          nicolae_vaults_little_ls, dpeg_vaults_monster_box,
          layout_vaults_omnibox
Vaults:5
Crypt:1:  ragdoll_tomb_raider, layout_chaotic_city,
          serial_sigils_hangedman_carve
Crypt:2:  dreamdust_cat_pyramid, layout_rooms, gammafunk_ghost_grave,
          st_stairs_10, grunt_ministairs_9
Crypt:3:  lightli_unholy_cathedral, layout_chaotic_city,
          nicolae_tomb_entry_unfolded_pyramid_diagonal
Depths:1: dreamdust_tengu_aerie, layout_cave_pools, hell_entry, serial_shops,
          shop, minmay_misc_feat_enclosed, hangedman_glass_teeth, zin_angel,
          minmay_shoptagon
Depths:2: wad_pebble_path, layout_gridlike, ebering_ghost_inner_flame,
          hell_entry, rand_demon_pan_entry_1, elyvilon_altar_5,
          mu_enter_wizlab_6, infiniplex_staircase_door_maze, firewood_loft
Depths:3: minmay_the_grid_square_5x5_4x4_mashed
          [minmay_the_grid_square_5x5_two_small,
          minmay_the_grid_square_5x5_mess, minmay_the_grid_square_5x5_six,
          minmay_the_grid_square_5x5_eight_small,
          minmay_the_grid_square_5x5_inverted_slash,
          minmay_the_grid_square_5x5_prize_junk,
          minmay_the_grid_square_5x5_prize_deathbox,
          minmay_the_grid_square_5x5_misaligned,
          minmay_the_grid_square_5x5_trominoes,
          minmay_the_grid_square_5x5_prize_itemx,
          minmay_the_grid_square_5x5_prize_gold, minmay_the_grid_square_5x5_meh,
          minmay_the_grid_square_5x5_six_small,
          minmay_the_grid_square_5x5_tri_point,
          minmay_the_grid_square_5x5_gyroscope, minmay_the_grid_square_5x5_z],
          layout_basic, enter_ziggurat_f, abyss_entry, hell_entry,
          hangedman_abyss_or_decor_stabs
Depths:4: evilmike_zot_entry_gauntlet, layout_gridlike,
          nzn_wu_jian_council_hall, nicolae_hell_entry_hellmouth_sunbeams,
          serial_bayou_shore_b, serial_bayou_shore_a
Zot:1:    layout_gridlike
Zot:2:    layout_twisted_circle, st_stairs_7, st_large_dragon_hoard_1,
          grunt_megastairs_1
Zot:3:    layout_cathedral_of_symmetry
Zot:4:    layout_basic
Zot:5:    layout_gridlike

Skill      XL: |  1  2  3  4  5  6  7  8  9 10 11 12 13 14 15 16 17 18 19 20 21 22 23 24 25 26 27 |
---------------+----------------------------------------------------------------------------------+-----
Spellcasting   | 3 4 5 6 7 9 10 11 13 14 15 16 18 19 21 23 25 27 | 27.0
Fighting       | 3 5 7 9 10 11 12 13 14 15 16 17 18 27 | 27.0
Invocations    | 3 5 7 9 12 | 12.0
Dodging        | 4 6 8 10 11 12 13 14 15 16 17 18 19 20 24 | 24.3
Armour         | 2 4 |  4.0
Shields        | 6 7 13 15 | 15.0
Stealth        | |  1.5

Action                     |  1- 3 |  4- 6 |  7- 9 | 10-12 | 13-15 | 16-18 | 19-21 | 22-24 | 25-27 || total
---------------------------+-------+-------+-------+-------+-------+-------+-------+-------+-------++-------
  Melee: Unarmed           |     5 |       |       |       |       |       |       |       |       ||     5
         Dagger            |     1 |       |       |       |       |       |       |       |       ||     1
         Trident           |       |       |     3 |       |       |       |       |       |       ||     3
         Morningstar       |       |       |       |    29 |    28 |    58 |       |       |       ||   115
         Punch             |       |       |       |     1 |       |       |       |       |       ||     1
         Staff             |       |       |       |       |       |    14 |     4 |     3 |     8 ||    29
   Cast: Sting             |    24 |       |       |       |       |       |       |       |       ||    24
         Sandblast         |    14 |    70 |    99 |    71 |     4 |       |       |       |       ||   258
         Poisonous Vapours |    10 |    26 |    35 |    54 |    27 |    57 |    58 |     5 |       ||   272
         Olgreb's Toxic Ra |       |     3 |    15 |    60 |    57 |    65 |    64 |    10 |       ||   274
         Mephitic Cloud    |       |       |     4 |    12 |       |     1 |       |       |       ||    17
         Vampiric Draining |       |       |       |   134 |   314 |   153 |    21 |     6 |     2 ||   630
         Summon Forest     |       |       |       |       |     8 |     7 |       |     4 |     7 ||    26
         Summon Mana Viper |       |       |       |       |     2 |       |       |       |     5 ||     7
         Iron Shot         |       |       |       |       |    10 |   307 |   328 |   420 |   202 ||  1267
         Summon Cactus Gia |       |       |       |       |       |     7 |       |     4 |     8 ||    19
         Dazzling Flash    |       |       |       |       |       |     1 |       |       |       ||     1
         Ozocubu's Refrige |       |       |       |       |       |       |    91 |    90 |    24 ||   205
         Summon Horrible T |       |       |       |       |       |       |       |     7 |     8 ||    15
         Disjunction       |       |       |       |       |       |       |       |    10 |     7 ||    17
         Shatter           |       |       |       |       |       |       |       |       |   259 ||   259
         Fire Storm        |       |       |       |       |       |       |       |       |   546 ||   546
 Invoke: Step From Time    |       |       |       |       |       |       |       |       |     1 ||     1
  Evoke: Condenser vane    |       |       |       |       |       |       |     1 |     1 |       ||     2
    Use: Scroll            |     2 |     1 |    17 |     4 |     4 |     6 |       |     7 |     7 ||    48
         Potion            |       |       |       |       |     2 |       |       |     4 |    14 ||    20
   Stab: Sleeping          |       |       |       |     1 |     1 |       |       |       |       ||     2
 Armour: Robe              |     2 |     2 |    10 |    26 |       |       |       |       |       ||    40
         Steam dragon scal |       |       |       |     5 |       |       |       |       |       ||     5
         Troll leather arm |       |       |       |     7 |    82 |    87 |    23 |    49 |    25 ||   273
  Dodge: Dodged            |    15 |    12 |    26 |   241 |   508 |   422 |   161 |   415 |   247 ||  2047
  Block: Kite shield       |       |       |       |       |    19 |   402 |   169 |   347 |   189 ||  1126

Table legend: (Time is in decaauts)
 A = Elapsed time spent in this place.
 B = Non-inter-level travel time spent in this place.
 C = Inter-level travel time spent in this place.
 D = Time resting spent in this place.
 E = Time spent auto-exploring this place.
 F = Levels seen in this place.
 G = Mean time per level.
                   A        B        C        D        E       F      G
               +--------+--------+--------+--------+--------+-----+--------+
         Total |  88116 |  77647 |  10469 |   3013 |  61845 |  68 | 1295.8 |
       Dungeon |  23039 |  19156 |   3883 |    241 |  16408 |  15 | 1535.9 |
          Lair |   9720 |   8454 |   1266 |    133 |   7009 |   5 | 1944.0 |
         Swamp |   4303 |   3988 |    315 |    121 |   3286 |   4 | 1075.8 |
   Spider Nest |   6403 |   6030 |    373 |    170 |   4820 |   4 | 1600.8 |
    Slime Pits |    443 |    344 |     99 |     61 |     75 |   5 |   88.6 |
  Orcish Mines |   2780 |   2577 |    203 |     64 |   1970 |   2 | 1390.0 |
   Elven Halls |   5016 |   4648 |    368 |     39 |   3895 |   3 | 1672.0 |
        Vaults |  10668 |   9519 |   1149 |   1016 |   6957 |   5 | 2133.6 |
         Crypt |   4456 |   4152 |    304 |    302 |   2855 |   3 | 1485.3 |
        Depths |   7443 |   6172 |   1271 |     94 |   5338 |   4 | 1860.8 |
           Zot |   9630 |   8397 |   1233 |    632 |   6831 |   5 | 1926.0 |
         Abyss |   1658 |   1658 |      0 |      8 |    967 |   8 |  207.2 |
        Bazaar |    125 |    125 |      0 |      0 |     37 |   1 |  125.0 |
         Sewer |    739 |    739 |      0 |      0 |    522 |   1 |  739.0 |
        Bailey |    768 |    768 |      0 |    123 |    355 |   1 |  768.0 |
        Wizlab |    435 |    435 |      0 |      7 |    233 |   1 |  435.0 |
      Gauntlet |    481 |    481 |      0 |      2 |    286 |   1 |  481.0 |
               +--------+--------+--------+--------+--------+-----+--------+

Top non-repeatable levels by time:
    D:15: 2929 daAuts
Vaults:1: 2625 daAuts
Depths:4: 2609 daAuts
    D:11: 2570 daAuts
Vaults:2: 2555 daAuts
   Zot:3: 2395 daAuts
  Lair:2: 2379 daAuts
Vaults:4: 2358 daAuts
Spider:1: 2267 daAuts
  Lair:1: 2252 daAuts
  Lair:5: 2180 daAuts
Vaults:3: 2143 daAuts
   Elf:1: 2087 daAuts
 Crypt:1: 2043 daAuts
   Elf:3: 1882 daAuts
